 Dungeon Crawl Stone Soup version 0.21-a0-241-g2cbab09 (webtiles) character file.

23 tidbits the Insei (level 2, -5/22 HPs)
             Began as a Demigod Transmuter on Sept 3, 2017.
             Slain by an orc
             ... wielding a +0 club
              (6 damage)
             ... on level 3 of the Dungeon.
             The game lasted 00:03:06 (421 turns).

tidbits the Insei (Demigod Transmuter)               Turns: 421, Time: 00:03:06

Health: -5/22      AC:  2    Str: 13    XL:     2   Next: 54%
Magic:  1/7        EV: 12    Int: 17    God:
Gold:   73         SH:  0    Dex: 16    Spells: 2/5 levels left

rFire    . . .     SeeInvis .     - Unarmed
rCold    . . .     Gourm    +   (no shield)
rNeg     . . .     Faith    .   b - +0 robe
rPois    .         Spirit   .   (no helmet)
rElec    .         Reflect  .   (no cloak)
rCorr    .         Harm     .   (no gloves)
MR       .....                  (no boots)
Stlth    +.........             i - amulet of the gourmand
HPRegen  0.07/turn              (no ring)
MPRegen  0.10/turn              (no ring)

@: flying, very slightly contaminated
A: high mp 1
a: no special abilities


You were on level 3 of the Dungeon.
You were not hungry.

You visited 1 branch of the dungeon, and saw 3 of its levels.

You collected 73 gold pieces.

Inventory:

Hand Weapons
 r - a +0 hand crossbow
Missiles
 a - 32 arrows
 m - 6 javelins (quivered)
Armour
 b - a +0 robe (worn)
Jewellery
 i - an amulet of the gourmand (around neck)
   (You found it on level 1 of the Dungeon)
Wands
 q - a wand of iceblast (5/15)
Scrolls
 e - a scroll of identify {unknown}
 h - a scroll of amnesia {unknown}
 l - a scroll of blinking {unknown}
 n - a scroll of enchant armour {unknown}
 o - a scroll of immolation {unknown}
 s - a scroll of magic mapping {unknown}
Potions
 j - a potion of lignification {unknown}
 k - a potion of degeneration {unknown}
Books
 c - a book of Changes

   Spells                             Type                      Level
   a - Beastly Appendage              Transmutation                1
   b - Sticks to Snakes               Transmutation                2
   c - Spider Form                    Transmutation/Poison         3
   d - Ice Form                       Ice/Transmutation            4
   e - Blade Hands                    Transmutation                5
Comestibles
 d - 2 bread rations
 f - a royal jelly
 p - 2 chunks of flesh


   Skills:
 - Level 0.8 Fighting
 - Level 1.7 Dodging
 * Level 3.3 Unarmed Combat
 - Level 2.0 Spellcasting
 + Level 2.0 Transmutations


You had 2 spell levels left.
You knew the following spells:

 Your Spells              Type           Power        Failure   Level  Hunger
e - Beastly Appendage     Tmut           #.....       9%          1    #......
k - Sticks to Snakes      Tmut           #.......     12%         2    ###....


Dungeon Overview and Level Annotations

Branches:
Dungeon (3/15)


Innate Abilities, Weirdness & Mutations

You have an increased reservoir of magic. (+10% MP)


Message History

You feel sick.
You are no longer poisoned.
Your ball python withers and dies!
Found a stone staircase leading down.
s - a scroll labeled ACELYX EMYM You now have 73 gold pieces (gained 11).
A goblin comes into view. It is wielding a club.
Unknown command.
Casting: Sticks to Snakes
Confirm with . or Enter, or press ? or * to list all spells.
You grow a pair of large bovine horns.
The goblin shouts!
You hear a shout! x2
Found a hunting sling and 11 gold pieces.
You barely miss the goblin. You headbutt the goblin.
You kill the goblin!
A kobold comes into view. It is wielding a short sword.
Unknown command.
An orc comes into view.
Casting: Beastly Appendage
Confirm with . or Enter, or press ? or * to list all spells.
You create a snake!
You now have 33 arrows.
Casting: Sticks to Snakes
Confirm with . or Enter, or press ? or * to list all spells.
You fail to extend your transformation any further.
Things that are here:
a club; a goblin corpse An orc wizard comes into view.
It is wielding a dagger.
You hit the orc.
The orc is severely wounded.
Your ball python bites the orc.
The orc dies!
The kobold barely misses you.
You barely miss the kobold. Your headbutt misses the kobold.
The kobold hits you but does no damage.
Your ball python misses the kobold. x2
An orc comes into view.
You barely miss the kobold. The kobold hits you but does no damage.
Your ball python misses the kobold.
Your ball python closely misses the kobold.
An orc comes into view. It is wielding a club.
The orc shouts!
You hit the kobold. You headbutt the kobold.
You kill the kobold!
Your transformation is almost over.
Casting: Beastly Appendage
Confirm with . or Enter, or press ? or * to list all spells.
You miscast Sticks to Snakes.
You are very lightly contaminated with residual magic.
Multicoloured lights dance before your eyes!
Casting: Sticks to Snakes
Confirm with . or Enter, or press ? or * to list all spells.
You create a snake!
You now have 32 arrows.
You barely miss the orc wizard.
The orc wizard gestures wildly while chanting.
The orc wizard blinks!
Your ball python bites the orc wizard.
Your ball python closely misses the orc wizard.
The orc wizard misses you.
Things that are here:
a short sword; a kobold corpse You hit the orc wizard but do no damage.
The orc wizard is lightly wounded.
Your ball python bites the orc.
Your ball python closely misses the orc.
The orc barely misses you.
Your ball python bites the orc wizard but does no damage.
Your ball python barely misses the orc wizard.
The orc wizard barely misses you.
You hit the orc wizard.
The orc wizard is moderately wounded.
Your ball python bites the orc.
Your ball python grabs the orc.
Your ball python constricts the orc.
The orc hits your ball python with a club.
Your ball python dies!
The orc closely misses you.
Your ball python closely misses the orc wizard.
Your ball python grabs the orc wizard.
Your ball python constricts the orc wizard.
The orc wizard closely misses you.
You hit the orc wizard.
The orc wizard is moderately wounded.
Your ball python bites the orc wizard but does no damage.
Your ball python constricts the orc wizard.
The orc barely misses you.
You hit the orc wizard but do no damage.
The orc wizard is heavily wounded.
Your horns disappear.
The orc wizard hits you with a dagger.
* * * LOW HITPOINT WARNING * * *
Your ball python bites the orc wizard but does no damage.
Your ball python constricts the orc wizard.
The orc hits you with a club.
* * * LOW HITPOINT WARNING * * *
The orc closely misses you.
It was a potion of flight.
You feel very buoyant.
You fly up into the air.
Your ball python bites the orc wizard.
Your ball python constricts the orc wizard.
The orc wizard closely misses your ball python.
The orc hits you with a club.
You die...

........ #...# ...
.......# ##...# ...
.>.....###..#.# ..
.......##..##... #.
#.. #....###.... .
###.##.# #....#
#.... ..#....).#
##....# #....
......oS.# #.....#
#....
#...o@.###.....#
....
#...o.)........#
#.....#...#.......
............########
######..##...$
#..######.# #.... ..
#.... . #....


You could see an orc wizard, 2 orcs and a friendly ball python.

Vanquished Creatures
  A dart slug (D:3)
  A bat (D:1)
  3 goblins
  3 hobgoblins (D:1)
  A frilled lizard (D:1)
  A kobold (D:3)
10 creatures vanquished.

Vanquished Creatures (collateral kills)
  An adder (D:3)
  An orc (D:3)
2 creatures vanquished.

Grand Total: 12 creatures vanquished

Notes
Turn   | Place    | Note
-------+----------+-------------------------------------------
     0 | D:1      | tidbits the Demigod Transmuter began the quest for the Orb.
     0 | D:1      | Reached XP level 1. HP: 15/15 MP: 5/5
    25 | D:1      | Reached skill level 2 in Spellcasting
    72 | D:1      | HP: 1/15 [hobgoblin/club (5)]
   331 | D:3      | Reached skill level 3 in Unarmed Combat
   331 | D:3      | Reached XP level 2. HP: 13/22 MP: 5/7
   335 | D:3      | Learned a level 2 spell: Sticks to Snakes
   366 | D:3      | Reached skill level 2 in Transmutations
   420 | D:3      | HP: 2/22 [orc wizard/dagger (6)]
   421 | D:3      | Slain by an orc

Vault maps used:
D:1:      erik_arrival_blinker_ship, kennysheep_nondescript, grunt_decor_cap
D:2:      minivault_23
D:3:      tgw_trog, minmay_divided_ellipse

Skill      XL: |  1  2 |
---------------+-------+-----
Spellcasting   | 2 |  2.0
Unarmed Combat | 3 |  3.3
Transmutations | 2 |  2.0
Fighting       | |  0.8
Dodging        | |  1.7

Action                   || total
-------------------------++-------
Melee: Unarmed           ||    34
       Kick              ||     3
       Headbutt          ||     3
       Punch             ||     1
 Cast: Beastly Appendage ||     9
       Sticks to Snakes  ||     3
  Use: Potion            ||     1
Armor: Robe              ||     1
Dodge: Dodged            ||    18

Table legend:
 A = Spawn XP
 B = Non-spawn XP
 C = Spawn XP percentage of total XP
 D = Spawn monster count
 E = Non-spawn monster count
 F = Spawn count percentage of total count
 G = Total turns spent on level
                    A         B        C        D         E        F      G
               +---------+---------+-------+---------+---------+-------+---------
         Total |       0 |      33 |   0.0 |       0 |      12 |   0.0 |   421
               +---------+---------+-------+---------+---------+-------+---------
           D:1 |       0 |      12 |   0.0 |       0 |       7 |   0.0 |   301
           D:3 |       0 |      21 |   0.0 |       0 |       5 |   0.0 |    96
               +---------+---------+-------+---------+---------+-------+---------

Table legend:
 A = Turns spent in this place as a percentage of turns spent in the entire game.
 B = Non-inter-level travel turns spent in this place as a percentage of non-inter-level travel turns spent in the entire game.
 C = Inter-level travel turns spent in this place as a percentage of turns spent in this place.
 D = Turns resting spent in this place as a percentage of non-inter-level travel turns spent in this place.
 E = Turns spent auto-exploring this place as a percentage of non-inter-level travel turns spent in this place.
 F = Non-inter-level travel turns spent in this place divided by the number of levels of this place that you've seen.
                   A       B       C       D       E      F
               +-------+-------+-------+-------+-------+----------------------
         Total | 100.0 | 100.0 |   2.4 |   0.0 |   0.0 | 137.0
       Dungeon | 100.0 | 100.0 |   2.4 |   0.0 |   0.0 | 137.0
               +-------+-------+-------+-------+-------+----------------------

Table legend:
 A = Kills in this place as a percentage of kills in entire the game.
 B = Kills by you in this place as a percentage of kills by you in the entire game.
 C = Kills by friends in this place as a percentage of kills by friends in the entire game.
 D = Other kills in this place as a percentage of other kills in the entire game.
 E = Experience gained in this place as a percentage of experience gained in the entire game.
 F = Experience gained in this place divided by the number of levels of this place that you have seen.
                   A       B       C       D       E      F
               +-------+-------+-------+-------+-------+----------------------
         Total | 100.0 | 100.0 | 100.0 |   N/A | 100.0 |  11.0
       Dungeon | 100.0 | 100.0 | 100.0 |   N/A | 100.0 |  11.0
               +-------+-------+-------+-------+-------+----------------------

Vault maps used:
D:1:      erik_arrival_blinker_ship, kennysheep_nondescript, grunt_decor_cap
D:2:      minivault_23
D:3:      tgw_trog, minmay_divided_ellipse
